 Dungeon Crawl Stone Soup version 0.26-a0-1038-gfb849e850a (webtiles) character file.

Game seed: 3893594634502219246

234003 EnegeticOcto the Warrior (level 18, -9/178 HPs)
             Began as a Palentonga Monk on Dec 11, 2020.
             Was an Elder of Qazlal.
             Killed by the raging water
             ... invoked by a water nymph
              (30 damage)
             ... on level 4 of the Shoals.
             The game lasted 01:28:02 (50179 turns).

EnegeticOcto the Warrior (Palentonga Monk)         Turns: 50179, Time: 01:28:03

Health: -9/178     AC: 34    Str: 22    XL:     18   Next: 86%
Magic:  28/28      EV: 11    Int:  9    God:    Qazlal [****..]
Gold:   2259       SH: 22    Dex: 15    Spells: 17/17 levels left

rFire    . . .     SeeInvis +   d - +6 morningstar (freeze)
rCold    + . .     Faith    .   B - +0 kite shield
rNeg     . . .     Spirit   .   K - +5 chain mail "Navuv" {rPois Int-3 Dex+3}
rPois    +         Reflect  +   e - +2 helmet
rElec    .         Harm     .   Q - +2 cloak {rC+}
rCorr    .         Rampage  .   (no gloves)
Will     ++...                  (no barding)
Stlth    ..........             F - amulet of reflection
HPRegen  0.39/turn              G - +4 ring of protection
MPRegen  0.21/turn              r - ring of willpower

@: studying Evocations, repel missiles, curled up, very slow
A: large, rugged brown scales 3, see invisible, deformed body, roll 1, armoured
tail, reflexive curl
}: 1/15 runes: gossamer
a: Rolling Charge, Upheaval, Elemental Force, Renounce Religion


You were on level 4 of the Shoals.
You worshipped Qazlal.
Qazlal was greatly pleased with you.
You visited 6 branches of the dungeon, and saw 32 of its levels.
You also visited: Sewer, Gauntlet, Ice Cave and Volcano.

You collected 3728 gold pieces.
You spent 1469 gold pieces at shops.

Inventory:

Hand Weapons
 d - a +6 morningstar of freezing (weapon)
   (You found it on level 4 of the Dungeon)
 u - a +2 short sword of distortion
   (You found it on level 5 of the Lair of Beasts)
 T - a +1 demon whip of freezing
   (You took it off Mara on level 3 of the Shoals)
Missiles
 b - 2 curare-tipped darts (quivered)
 h - 32 silver javelins
 U - 3 throwing nets {!f}
Armour
 e - a +2 helmet (worn)
   (You found it on level 9 of the Dungeon)
 B - a +0 kite shield (worn)
   (You found it on level 6 of the Dungeon)
 K - the +5 chain mail "Navuv" (worn) {rPois Int-3 Dex+3}
   (You found it on level 11 of the Dungeon)

   It affects your intelligence (-3).
   It affects your dexterity (+3).
   It protects you from poison.
 Q - a +2 cloak of cold resistance (worn)
   (You found it in an ice cave)
Jewellery
 r - a ring of willpower (right hand)
   (You took it off a deep elf mage on level 11 of the Dungeon)
 F - an amulet of reflection (around neck)
   (You found it on level 8 of the Dungeon)
 G - a +4 ring of protection (left hand)
   (You found it on level 11 of the Dungeon)
 M - the ring of Cevowecw {rPois rF+ rN+ Will- Str+6}
   (You found it on level 11 of the Dungeon)

   [ring of strength]

   It affects your strength (+6).
   It protects you from fire.
   It protects you from poison.
   It protects you from negative energy.
   It affects your willpower, your defense against some magical effects.
 N - an uncursed ring of protection from fire
   (You found it on level 1 of the Lair of Beasts)
Wands
 a - a wand of digging (4) {@v3}
   (You found it on level 4 of the Lair of Beasts)
 p - a wand of acid (32) {@v1}
   (You found it on level 9 of the Dungeon)
 C - a wand of flame (38) {@v4}
   (You found it on level 7 of the Dungeon)
 I - a wand of iceblast (49) {@v2}
   (You found it on level 12 of the Dungeon)
 Z - a wand of enslavement (4)
   (You found it on level 4 of the Spider Nest)
Scrolls
 g - 18 scrolls of teleportation {@r3 !r}
 i - 14 scrolls of remove curse {@r2}
 l - 6 scrolls of immolation
 m - 3 scrolls of vulnerability
 q - 3 scrolls of fog {!r}
 s - 2 scrolls of enchant armour
 x - 2 scrolls of fear {!r}
 z - a scroll of enchant weapon
 H - a scroll of silence
 P - 4 scrolls of blinking {@r4}
 S - 2 scrolls of magic mapping {@r5 !r}
 V - 8 scrolls of identify {@r1}
Potions
 c - 4 potions of mutation
 f - 6 potions of haste {@q4 !q}
 j - 9 potions of might {@q3 !q}
 k - 8 potions of berserk rage
 n - 5 potions of heal wounds {@q2 !q}
 o - 2 potions of resistance
 t - 3 potions of attraction
 v - 4 potions of flight
 w - 10 potions of curing {@q1 !q}
 D - 7 potions of ambrosia
 L - 4 potions of cancellation
 R - 2 potions of lignification {@q6}
 W - a potion of magic
 X - a potion of invisibility
Books
 y - a manual of Evocations
   (You acquired it on level 3 of the Lair of Beasts)
Miscellaneous
 E - a phantom mirror
   (You found it on level 11 of the Dungeon)
 O - a lightning rod (4/4)
   (You found it on level 11 of the Dungeon)


   Skills:
 + Level 16.3 Fighting
 - Level 16.0 Maces & Flails
 + Level 12.2 Armour
 - Level 10.0 Dodging
 - Level 1.2 Stealth
 - Level 9.0 Shields
 + Level 13.4 Invocations
 - Level 12.0 Evocations


You had 17 spell levels left.
You didn't know any spells.
Your spell library contained the following spells:

 Spells                   Type           Power        Failure   Level
 Magic Dart               Conj           #...         91%         1
 Sandblast                Erth           #.....       91%         1
 Sting                    Tmut/Pois      #...         91%         1
 Blink                    Tloc           N/A          97%         2
 Call Imp                 Summ           #.......     97%         2
 Corpse Rot               Necr/Air       N/A          97%         2
 Passwall                 Tmut/Erth      #.......     97%         2
 Poisonous Vapours        Pois/Air       #.....       97%         2
 Searing Ray              Conj           #.....       97%         2
 Slow                     Hex            #.......     97%         2
 Sublimation of Blood     Necr           #.........   97%         2
 Conjure Flame            Conj/Fire      #.......     100%        3
 Dazzling Flash           Conj/Hex       #.....       100%        3
 Ignite Poison            Fire/Tmut/Pois #.......     100%        3
 Mephitic Cloud           Conj/Pois/Air  #.......     100%        3
 Stone Arrow              Conj/Erth      #.....       100%        3
 Animate Dead             Necr           #.........   100%        4
 Dispel Undead            Necr           #.......     100%        4
 Fulminant Prism          Conj/Hex       #.........   100%        4
 Iskenderun's Mystic Bla  Conj/Tloc      #.......     100%        4
 Olgreb's Toxic Radiance  Pois           #.......     100%        4
 Petrify                  Tmut/Erth      #.......     100%        4
 Agony                    Necr           #.......     100%        5
 Borgnjor's Vile Clutch   Necr/Erth      #.........   100%        5
 Excruciating Wounds      Necr           #.........   100%        5
 Irradiate                Conj/Tmut      #.........   100%        5
 Lee's Rapid Deconstruct  Erth           #.........   100%        5
 Death Channel            Necr           #.........   100%        6
 Hydra Form               Tmut           #.........   100%        6
 Simulacrum               Ice/Necr       #.........   100%        6
 Statue Form              Tmut/Erth      #........    100%        6
 Dragon Form              Tmut           #.........   100%        7


Dungeon Overview and Level Annotations

Branches:
Dungeon (15/15)            Temple (1/1) D:4            Lair (6/6) D:8
 Shoals (4/4) Lair:3       Spider (4/4) Lair:4        Slime (0/5) Lair:5
    Orc (2/2) D:11            Elf (0/3) Orc:2        Vaults (0/5) D:13
 Depths (0/5) D:15          Sewer (visited)           IceCv (visited)
Volcano (visited)         Gauntlet (visited)

Altars:
Ashenzari
Cheibriados
Dithmenos
Elyvilon
Fedhas
Gozag
Hepliaklqana
Kikubaaqudgha
Makhleb
Nemelex Xobeh
Okawaru
Qazlal
Ru
Sif Muna
Trog
Uskayaw
Vehumet
Wu Jian
Xom
Yredelemnul
Zin
The Shining One
Beogh

Shops:
D:9 (   D:13 }   D:14 ![:=}   Orc:2 [=}[

Annotations:
D:6 2 runed translucent doors
D:15 3 runed translucent doors, lis82's ghost, journeyman DgAE
Shoals:2 2 transporters, Omuilom's ghost, journeyman MiGl


Innate Abilities, Weirdness & Mutations

You are completely covered in rugged brown scales. (AC +3, +7% HP)
You have supernaturally acute eyesight. (SInv)
Armour fits poorly on your strangely shaped body.
You can roll at nearby foes to attack.
You have a long armoured tail.
You curl defensively after being hit.


Message History

The water nymph closely misses you.
You block the merfolk aquamancer's attack.
You hit the water nymph. You freeze the water nymph.
The water nymph is heavily wounded.
A water nymph comes into view.
You block the water nymph's attack.
You thump the water nymph! You freeze the water nymph.
The water nymph is almost dead.
The merfolk aquamancer gestures at you while chanting.
The shard of ice hits you!! You partially resist.
* * * LOW HITPOINT WARNING * * *
You puncture the water nymph! You freeze the water nymph.
You kill the water nymph!
Qazlal accepts your kill.
The water nymph flows with the water.
The merfolk aquamancer points at you and mumbles some strange words.
The shard of ice reflects off an invisible shield around you!
The shard of ice hits the merfolk aquamancer!!
You barely miss the water nymph. You block the water nymph's attack.
You block the merfolk aquamancer's attack.
You closely miss the water nymph. You block the water nymph's attack.
Splash!
You fall into the shallow water.
Moving in this stuff is going to be slow.
A water nymph comes into view.
The merfolk aquamancer gestures at you while chanting.
The ball of steam hits you but does no damage.
You puncture the merfolk aquamancer! You freeze the merfolk aquamancer.
You kill the merfolk aquamancer!
Qazlal accepts your kill.
Evoke which item? (* to show all) (? for menu, Esc to quit)
Aiming: Throw Flame
Press: ? - help, Shift-Dir - straight line, f - water nymph
Aim: a water nymph (sparse dust, 31% to evade)
The puff of flame hits the water nymph.
The water nymph is lightly wounded.
The water nymph flows with the water.
Splash!
You fall into the shallow water.
Moving in this stuff is going to be slow.
Splash!
You fall into the shallow water.
Moving in this stuff is going to be slow.
The water nymph gestures at you while chanting.
The water swirls and strikes you.
The water nymph is engulfed in a cloud of scalding steam.
The water nymph points at you and mumbles some strange words.
The water swirls and strikes you.
Things that are here:
a +0 rapier; a cursed -2 robe; a merfolk corpse The water nymph's watery aura covers the stone staircase leading up.
The water nymph is engulfed in a cloud of scalding steam.
Splash!
You fall into the shallow water.
Moving in this stuff is going to be slow.
Splash!
You fall into the shallow water.
Moving in this stuff is going to be slow.
Splash!
You fall into the shallow water.
Moving in this stuff is going to be slow.
You hear a screech! x2; Splash!
You fall into the shallow water.
Moving in this stuff is going to be slow.
The water nymph flows with the water.
Splash!
You fall into the shallow water.
Moving in this stuff is going to be slow.
Splash!
You fall into the shallow water.
Moving in this stuff is going to be slow.
You see here a silver javelin.
Splash!
You fall into the shallow water.
Moving in this stuff is going to be slow.
The water nymph touches you. The water nymph drowns you!
* * * LOW HITPOINT WARNING * * *
Splash!
You fall into the shallow water.
Moving in this stuff is going to be slow.
Splash!
You fall into the shallow water.
Moving in this stuff is going to be slow.
Press: ? - help, v - describe, . - travel
Here: a water nymph Some shallow water.
Okay, then.
Evoke which item? (* to show all) (? for menu, Esc to quit)
Aiming: Iceblast
Press: ? - help, Shift-Dir - straight line, p - water nymph The mass of ice explodes!
The iceblast engulfs the water nymph!!!
The water nymph is almost dead.
The iceblast engulfs the water nymph!!
The water nymph is severely wounded.
The water nymph casts a spell at you. The water swirls and strikes you!!
* * * LOW HITPOINT WARNING * * *
The water nymph casts a spell at you. The water swirls and strikes you!!
You die...

≈.......≈≈≈≈≈≈#≈≈#≈≈≈≈≈≈#
≈......≈≈≈≈≈≈≈##≈≈#≈≈≈#≈≈≈
≈≈≈≈≈.≈≈(≈≈≈≈≈≈##≈≈≈≈#≈#≈.
≈≈≈≈..≈(≈≈≈≈≈≈≈≈##≈≈≈≈#≈..
≈≈≈≈.≈≈(≈≈≈≈≈≈≈≈≈####≈≈..
≈≈≈≈≈≈≈.≈≈≈≈≈≈≈≈≈≈≈≈≈≈..
≈≈≈≈≈≈≈≈≈≈≈≈≈≈≈≈≈≈☼≈≈≈..
≈≈≈≈≈≈≈≈≈≈≈≈≈≈≈≈≈○.≈≈≈≈≈
####≈≈≈≈≈≈≈(≈(○!@°§..≈≈≈
##.≈≈)≈≈≈.)#≈m≈....≈≈
##.≈≈≈≈...#≈m......≈
#≈.≈≈...##(≈≈......
#≈≈≈≈≈≈≈≈≈§≈.....(.
#≈≈)≈≈≈≈≈≈≈≈.......
#!≈≈≈≈≈.[†≈†...(...
#≈≈.....≈..........
#≈..................


You could see 2 water nymphs.

Vanquished Creatures
  Mara (Shoals:3)
  Arachne (Spider:4)
  Nikola (Shoals:4)
  An Ice Fiend (IceCv)
  Gastronok (Lair:2)
  Ilsuiw (Shoals:4)
  5 ghost moths
  9 emperor scorpions
  An ironheart preserver (D:13)
  4 entropy weavers
  2 spark wasps (Spider:4)
  Josephine (Lair:5)
  Snorg (D:12)
  5 merfolk javelineers
  An ettin (D:11)
  6 merfolk impalers
  7 boulder beetles
  A yaktaur captain (D:15)
  2 death knights
  6 hydras
  5 merfolk aquamancers (Shoals:4)
  4 merfolk avatars
  5 centaur warriors
  An alligator snapping turtle (Shoals:2)
  An anaconda (Lair:6)
  A queen ant (Lair:3)
  3 catoblepae
  2 satyrs (Shoals:3)
  An ogre mage (D:11)
  A tengu warrior (D:13)
  6 two-headed ogres
  A deep troll earth mage (D:11)
  5 orc high priests
  2 unseen horrors
  6 sea snakes
  A glowing orange brain (shapeshifter) (D:13)
  15 harpies
  A phantasmal warrior (D:12)
  5 orc knights
  A wolf spider zombie (D:13)
  22 orb spiders
  30 wolf spiders
  11 fauns
  7 cyclopes
  2 deep elf magi
  An oklob plant (Orc:1)
  18 ugly things
  19 manticores
  7 orc sorcerers
  3 moths of wrath
  An ice statue (IceCv)
  6 merfolk sirens
  22 elephants
  5 molten gargoyles (Volcano)
  4 water nymphs
  4 black mambas
  12 cane toads
  4 centaur zombies
  Maggie (D:8)
  A gargoyle (D:10)
  6 centaur skeletons
  2 rime drakes
  A kobold demonologist (D:15)
  2 torpor snails
  3 anaconda simulacra (IceCv)
  5 komodo dragons
  3 efreet
  14 demonic crawlers
  A golden dragon simulacrum (IceCv)
  6 ice devils (IceCv)
  A yaktaur (D:15)
  6 freezing wraiths
  3 tengu conjurers
  11 trolls
  6 meliai
  14 merfolk
  6 polar bears
  37 jumping spiders
  8 hornets
  A queen bee (Lair:6)
  6 wind drakes
  11 blink frogs
  13 dream sheep
  A meliai zombie (D:15)
  11 snapping turtles
  67 redbacks
  6 water elementals
  5 wraiths
  A vampire (D:8)
  4 wyverns
  A shadow (D:13)
  89 yaks
  7 fire bats
  31 tarantellas
  3 fire elementals (Volcano)
  A basilisk (shapeshifter) (D:13)
  4 basilisks
  2 dire elephant simulacra (IceCv)
  A steam dragon (D:11)
  6 vampire mosquitoes
  3 wargs (Orc:2)
  2 iron troll simulacra (IceCv)
  11 soldier ants
  6 water moccasins
  An acid dragon (D:11)
  A harpy simulacrum (IceCv)
  A hell hound (D:13)
  5 hydra simulacra (IceCv)
  3 eyes of draining
  6 ice beasts
  2 sky beasts
  22 orc warriors
  2 black bears
  A necrophage (D:13)
  3 alligator simulacra (IceCv)
  15 ogres
  A phantom (D:10)
  An ettin simulacrum (IceCv)
  19 wolves
  14 centaurs
  4 big kobolds
  30 bullfrogs
  A gnoll sergeant (D:11)
  A wyvern zombie (D:14)
  5 scorpions
  37 killer bees
  7 wights
  7 howler monkeys
  4 bullfrog zombies
  A draconian simulacrum (IceCv)
  2 lava snakes (D:13)
  2 quasits
  4 bullfrog skeletons
  5 hounds
  2 jellies (D:8)
  11 orc wizards
  18 orc priests
  5 iguanas
  26 worker ants
  A polar bear simulacrum (IceCv)
  2 spriggan simulacra (IceCv)
  3 troll simulacra (IceCv)
  A wolf simulacrum (IceCv)
  A bullfrog simulacrum (D:11)
  2 hound zombies
  2 hound skeletons
  A worker ant zombie (D:11)
  A howler monkey zombie (D:10)
  11 gnolls
  A howler monkey skeleton (D:11)
  17 adders
  2 river rats (Sewer)
  3 naga simulacra (IceCv)
  12 white imps
  8 ufetubi
  An ooze (D:2)
  2 adder zombies
  5 worms (D:2)
  8 leopard geckos
  57 orcs
  5 giant cockroaches
  5 goblins
  12 hobgoblins
  8 jackals
  19 kobolds
  5 quokkas
  3 ball pythons
  9 bats
  4 frilled lizards
  A leopard gecko skeleton (D:5)
  A quokka skeleton (D:5)
  4 rats
  5 fire vortices
1223 creatures vanquished.

Vanquished Creatures (collateral kills)
  2 dire elephants (Lair:6)
  A merfolk javelineer (Shoals:4)
  A harpy (Shoals:4)
  A manticore (Shoals:4)
  2 black mambas (Lair:4)
  A snapping turtle (Shoals:4)
  3 redbacks (Spider:3)
  2 wolves (Lair:4)
  A bullfrog (Lair:4)
14 creatures vanquished.

Vanquished Creatures (others)
  Nessos (Lair:5)
  A merfolk avatar (Shoals:4)
  A wolf spider (Spider:2)
  A manticore (Shoals:2)
  A jumping spider (Spider:3)
  A jelly (D:11)
  An orc wizard (Orc:2)
  An orc (Orc:2)
  39 fungi
  149 plants
  3 withered plants (D:7)
199 creatures vanquished.

Grand Total: 1436 creatures vanquished

Notes
Turn   | Place    | Note
-------+----------+-------------------------------------------
     0 | D:1      | EnegeticOcto the Palentonga Monk began the quest for the
                  | Orb.
     0 | D:1      | Reached XP level 1. HP: 20/20 MP: 1/1
   195 | D:1      | Reached XP level 2. HP: 27/27 MP: 2/2
   587 | D:2      | Reached skill level 4 in Maces & Flails
   681 | D:2      | Reached XP level 3. HP: 33/33 MP: 3/3
  1839 | D:2      | Reached XP level 4. HP: 41/41 MP: 4/4
  2297 | D:2      | Reached skill level 4 in Fighting
  2661 | D:3      | Found a glowing drain.
  2674 | D:3      | Noticed a bullfrog
  2681 | D:3      | Killed a bullfrog
  2682 | D:3      | Reached skill level 5 in Fighting
  2682 | D:3      | Reached XP level 5. HP: 51/51 MP: 5/5
  2756 | Sewer    | Entered a sewer
  2880 | Sewer    | Reached skill level 5 in Maces & Flails
  2880 | Sewer    | Reached skill level 1 in Evocations
  2880 | Sewer    | Reached XP level 6. HP: 50/59 MP: 6/6
  2956 | Sewer    | Found a white marble altar of Elyvilon.
  4130 | D:4      | Found a hide-covered altar of Uskayaw.
  4343 | D:4      | Noticed a +0 hand axe
  4343 | D:4      | Noticed a +0 hand axe
  4408 | D:4      | Found a staircase to the Ecumenical Temple.
  4871 | Temple   | Entered the Ecumenical Temple
  5028 | Temple   | Became a worshipper of Qazlal Stormbringer
  5028 | Temple   | Reached * piety under Qazlal
  5028 | Temple   | Reached ** piety under Qazlal
  5060 | D:4      | Reached skill level 2 in Evocations
  5060 | D:4      | Gained mutation: You curl defensively after being hit.
                  | [Palentonga growth]
  5060 | D:4      | Reached XP level 7. HP: 65/65 MP: 7/7
  5307 | D:5      | Entered Level 5 of the Dungeon
  5383 | D:5      | Reached skill level 6 in Maces & Flails
  5395 | D:5      | Reached skill level 1 in Invocations
  5788 | D:5      | Reached skill level 6 in Fighting
  6027 | D:5      | Reached skill level 2 in Invocations
  6585 | D:6      | Found a runed translucent door.
  6586 | D:6      | Found a runed translucent door.
  6890 | D:6      | Reached XP level 8. HP: 74/74 MP: 9/9
  7024 | D:6      | Found a shimmering blue altar of Sif Muna.
  7200 | D:7      | Reached skill level 3 in Evocations
  7207 | D:7      | Reached skill level 7 in Maces & Flails
  7273 | D:7      | Found a sparkling altar of Nemelex Xobeh.
  7443 | D:7      | Reached skill level 3 in Invocations
  8070 | D:7      | Found a glowing silver altar of Zin.
  8579 | D:6      | Reached skill level 8 in Maces & Flails
  8579 | D:6      | Reached skill level 4 in Invocations
  8625 | D:7      | Reached skill level 4 in Evocations
  8844 | D:7      | Reached XP level 9. HP: 75/83 MP: 12/12
  8971 | D:7      | Found a blossoming altar of Fedhas.
  8981 | D:7      | Reached skill level 7 in Fighting
  9042 | D:7      | Found an ancient bone altar of Kikubaaqudgha.
  9586 | D:8      | Reached skill level 9 in Maces & Flails
  9586 | D:8      | Reached skill level 1 in Shields
  9586 | D:8      | Reached skill level 5 in Invocations
 10198 | D:8      | Reached skill level 2 in Shields
 10506 | D:8      | Noticed Maggie
 10519 | D:8      | Killed Maggie
 10579 | D:8      | Reached skill level 6 in Invocations
 10738 | D:8      | Reached skill level 10 in Maces & Flails
 10738 | D:8      | Reached XP level 10. HP: 78/94 MP: 12/14
 10936 | D:8      | Found a staircase to the Lair.
 10951 | D:8      | Reached skill level 8 in Fighting
 11389 | D:8      | Reached skill level 3 in Shields
 11779 | D:9      | Reached *** piety under Qazlal
 12863 | D:8      | Reached skill level 11 in Maces & Flails
 13538 | D:9      | Found Maigua's Antique Weapon Shoppe.
 13807 | D:10     | Entered Level 10 of the Dungeon
 13924 | D:10     | Reached skill level 9 in Fighting
 14137 | D:10     | Noticed a two-headed ogre
 14143 | D:10     | Killed a two-headed ogre
 14249 | D:10     | Reached skill level 12 in Maces & Flails
 14284 | D:10     | Reached XP level 11. HP: 35/103 MP: 8/15
 15665 | Lair:1   | Entered Level 1 of the Lair of Beasts
 16772 | Lair:1   | Reached skill level 10 in Fighting
 16781 | Lair:1   | Reached skill level 13 in Maces & Flails
 17434 | Lair:1   | Got an encrusted buckler
 17478 | Lair:1   | Identified the +1 buckler of Siugawn {Harm +Blink Will+
                  | Int-5} (You found it on level 1 of the Lair of Beasts)
 18137 | Lair:1   | Reached skill level 1 in Armour
 18407 | Lair:2   | Noticed a catoblepas
 18423 | Lair:2   | Killed a catoblepas
 18424 | Lair:2   | Reached skill level 3 in Dodging
 18626 | Lair:2   | Reached skill level 2 in Armour
 19069 | Lair:2   | Noticed Gastronok
 19128 | Lair:2   | Killed Gastronok
 19129 | Lair:2   | Reached skill level 14 in Maces & Flails
 19129 | Lair:2   | Reached skill level 4 in Shields
 19129 | Lair:2   | Reached XP level 12. HP: 71/113 MP: 8/16
 19309 | Lair:2   | Noticed an eight-headed hydra
 19324 | Lair:2   | Killed an eight-headed hydra
 20123 | Lair:3   | Identified a scroll of acquirement
 20147 | Lair:3   | Noticed a six-headed hydra
 20155 | Lair:3   | Found a gate leading to a gauntlet.
 20161 | Gauntlet | Entered a Gauntlet
 20161 | Gauntlet | Found a transporter.
 20161 | Gauntlet | Found a transporter.
 20161 | Gauntlet | Found a transporter.
 20161 | Gauntlet | Noticed a death scarab
 20165 | Gauntlet | Found a transporter.
 20165 | Gauntlet | Found a transporter.
 20165 | Gauntlet | Found a transporter.
 20179 | Gauntlet | Found a transporter.
 20181 | Gauntlet | Found a transporter.
 20188 | Gauntlet | Noticed a death yak
 20188 | Gauntlet | Noticed a death yak
 20188 | Gauntlet | Noticed a death yak
 20189 | Gauntlet | Noticed a death yak
 20191 | Gauntlet | Found a transporter.
 20191 | Gauntlet | Noticed a death yak
 20293 | Gauntlet | Found a transporter.
 20294 | Gauntlet | Found a transporter.
 20305 | Gauntlet | Found a transporter.
 20499 | Lair:2   | Reached skill level 4 in Dodging
 20709 | Lair:3   | Reached skill level 3 in Armour
 21739 | Lair:3   | Killed a six-headed hydra
 21778 | Lair:3   | Reached skill level 5 in Shields
 22012 | Lair:3   | Reached skill level 4 in Armour
 22240 | Lair:3   | Found a staircase to the Shoals.
 22327 | Lair:3   | Reached skill level 15 in Maces & Flails
 23087 | Lair:4   | Reached skill level 6 in Shields
 23486 | Lair:4   | Noticed Urug
 23492 | Lair:4   | Noticed Urug
 23492 | Lair:4   | Urug changed into Urug the hornet
 23667 | Lair:4   | Killed Urug the hornet
 23679 | Lair:4   | Reached XP level 13. HP: 71/120 MP: 17/17
 24899 | Lair:4   | Reached skill level 16 in Maces & Flails
 24912 | Lair:4   | Reached skill level 7 in Shields
 25100 | Lair:4   | Found a hole to the Spider Nest.
 25412 | Lair:5   | Noticed Josephine
 25511 | Lair:5   | Found a staircase to the Slime Pits.
 25657 | Lair:5   | Noticed Sonja
 25658 | Lair:5   | Noticed Sonja
 25658 | Lair:5   | Sonja changed into Sonja the water moccasin
 25665 | Lair:5   | Killed Sonja the water moccasin
 25795 | Lair:5   | Noticed Nessos
 25801 | Lair:5   | Killed Nessos
 25895 | Lair:5   | Found a dark tunnel.
 25918 | Volcano  | Entered a volcano
 25966 | Volcano  | Reached skill level 8 in Shields
 27061 | Lair:6   | Entered Level 6 of the Lair of Beasts
 27202 | Lair:5   | Reached skill level 9 in Shields
 27508 | Lair:5   | Killed Josephine
 28179 | Lair:6   | Reached XP level 14. HP: 130/130 MP: 19/19
 28224 | Lair:6   | Reached skill level 7 in Invocations
 28233 | Lair:6   | Reached skill level 5 in Evocations
 28283 | Lair:6   | Reached **** piety under Qazlal
 28491 | Lair:6   | Reached skill level 5 in Armour
 28494 | Lair:6   | Reached skill level 5 in Dodging
 29363 | Lair:6   | Got a bloodstained chain mail
 29373 | Lair:6   | Identified the +1 chain mail of Virtue {*Corrode rPois
                  | Will- Int+8} (You found it on level 6 of the Lair of
                  | Beasts)
 29715 | D:8      | Found a radiant altar of Vehumet.
 29715 | D:8      | Found a shadowy altar of Dithmenos.
 30015 | D:11     | Identified the cursed +1 falchion "Gucucia" {drain, rPois
                  | rC- Str+4 Dex+2}
 30024 | D:11     | Reached skill level 8 in Invocations
 30029 | D:11     | Reached skill level 11 in Fighting
 30029 | D:11     | Reached skill level 6 in Evocations
 30354 | D:11     | Reached skill level 6 in Armour
 30376 | D:11     | Reached skill level 6 in Dodging
 30384 | D:11     | Identified the ring of Qappu {*Slow rPois rC+ rN+++ Str+2}
 30771 | D:11     | Found a radiant altar of Vehumet.
 30782 | D:11     | Got a twisted chain mail
 30793 | D:11     | Identified the +5 chain mail "Navuv" {rPois Int-3 Dex+3}
                  | (You found it on level 11 of the Dungeon)
 30803 | D:11     | Found a staircase to the Orcish Mines.
 30825 | D:11     | Got a coiled wooden ring
 30827 | D:11     | Identified the ring of Cevowecw {rPois rF+ rN+ Will- Str+6}
                  | (You found it on level 11 of the Dungeon)
 31311 | Orc:1    | Entered Level 1 of the Orcish Mines
 31486 | D:11     | Reached ***** piety under Qazlal
 32404 | Orc:2    | Entered Level 2 of the Orcish Mines
 32519 | Orc:1    | Reached skill level 9 in Invocations
 32578 | Orc:2    | Reached XP level 15. HP: 87/139 MP: 21/21
 32578 | Orc:2    | Found a staircase to the Elven Halls.
 33008 | Orc:2    | Found a roughly hewn altar of Beogh.
 33014 | Orc:2    | Reached skill level 7 in Evocations
 33345 | Orc:2    | Found Xureulil's Antique Armour Boutique.
 33345 | Orc:2    | Found Iwairim's Gadget Shoppe.
 33347 | Orc:2    | Found Laoreeho's Jewellery Boutique.
 33347 | Orc:2    | Found Cytoedom's Armour Shoppe.
 33364 | Orc:2    | Bought a pitted cloak for 247 gold pieces
 33364 | Orc:2    | Bought a smouldering cloak for 247 gold pieces
 33369 | Orc:2    | Identified the cursed +0 cloak of Archyrar {*Corrode Regen+
                  | Int+4} (You bought it in a shop on level 2 of the Orcish
                  | Mines)
 33380 | Orc:2    | Identified the +2 cloak of the Saviour {Rampage} (You
                  | bought it in a shop on level 2 of the Orcish Mines)
 33387 | Orc:2    | Bought a wand of acid (11) for 390 gold pieces
 33673 | Orc:2    | Acquired a manual of Evocations
 33725 | D:12     | Noticed Snorg
 33732 | D:12     | Killed Snorg
 34282 | D:12     | Reached skill level 7 in Armour
 34590 | D:13     | Reached skill level 7 in Dodging
 34858 | D:13     | Reached skill level 8 in Evocations
 34903 | D:13     | Reached skill level 12 in Fighting
 34928 | D:13     | Reached skill level 10 in Invocations
 35329 | D:13     | Found Soseam's Gadget Shoppe.
 35448 | D:13     | Found a gate to the Vaults.
 35944 | D:14     | Found Pitiriy's Gadget Boutique.
 35950 | D:14     | Found Dohech's Jewellery Boutique.
 36125 | D:14     | Found Dec Kelih's Distillery.
 36127 | D:14     | Found Suhao's Book Boutique.
 36130 | D:14     | Found Dofur's Antique Armour Emporium.
 36147 | D:14     | Bought a potion of cancellation for 120 gold pieces
 36147 | D:14     | Bought a potion of mutation for 120 gold pieces
 36147 | D:14     | Bought a potion of curing for 45 gold pieces
 36147 | D:14     | Bought a potion of curing for 45 gold pieces
 36147 | D:14     | Bought a potion of heal wounds for 75 gold pieces
 36147 | D:14     | Bought a potion of might for 60 gold pieces
 36147 | D:14     | Bought a potion of magic for 120 gold pieces
 36226 | D:14     | Reached skill level 8 in Armour
 36226 | D:14     | Reached skill level 8 in Dodging
 36587 | D:15     | Entered Level 15 of the Dungeon
 36632 | D:15     | Reached XP level 16. HP: 115/150 MP: 15/23
 37064 | D:15     | Found a staircase to the Depths.
 37139 | D:15     | Reached skill level 13 in Fighting
 37276 | D:15     | Found a runed translucent gate.
 37276 | D:15     | Noticed lis82's ghost (journeyman DgAE)
 37277 | D:15     | Found a runed translucent gate.
 37278 | D:15     | Found a runed translucent gate.
 37279 | D:15     | Found an iron altar of Okawaru.
 37659 | Spider:1 | Entered Level 1 of the Spider Nest
 37745 | Lair:3   | Reached ****** piety under Qazlal
 38179 | Spider:1 | Reached skill level 9 in Armour
 38192 | Spider:1 | Reached skill level 9 in Dodging
 39638 | Spider:2 | Found a frozen archway.
 39645 | IceCv    | Entered an ice cave
 40689 | IceCv    | Noticed an Ice Fiend
 40693 | IceCv    | Killed an Ice Fiend
 40694 | IceCv    | Reached skill level 14 in Fighting
 41394 | Spider:2 | Reached skill level 10 in Armour
 41394 | Spider:2 | Reached skill level 10 in Dodging
 42149 | Spider:3 | Reached XP level 17. HP: 158/164 MP: 13/24
 42978 | Spider:3 | Reached skill level 9 in Evocations
 43349 | Spider:4 | Entered Level 4 of the Spider Nest
 43753 | Spider:4 | Noticed Arachne
 43762 | Spider:4 | Reached skill level 11 in Invocations
 43766 | Spider:4 | Killed Arachne
 43767 | Spider:4 | Reached skill level 10 in Evocations
 43811 | Spider:4 | Reached skill level 15 in Fighting
 44404 | Spider:4 | Got a gossamer rune of Zot
 44477 | Spider:4 | Reached skill level 11 in Armour
 44544 | Spider:4 | Reached skill level 11 in Evocations
 45265 | Shoals:1 | Entered Level 1 of the Shoals
 45318 | Shoals:1 | Reached XP level 18. HP: 125/174 MP: 26/26
 45463 | Shoals:1 | Reached skill level 12 in Invocations
 46815 | Shoals:2 | Noticed Omuilom's ghost (journeyman MiGl)
 46844 | Shoals:2 | Found a transporter.
 46845 | Shoals:2 | Found a transporter.
 46870 | Shoals:2 | Found a bloodstained altar of Trog.
 46879 | Shoals:2 | Identified the +8 trident "Demonbane" {vorpal, *Noise
                  | *Drain rF++ Dex+9}
 46897 | Shoals:2 | Identified the +8 trident "Vuew" {vorpal, Will+ Int+4 SInv}
 46908 | Shoals:2 | Identified the +6 lajatang "Ogexkoesch" {drain, rPois
                  | Int+5}
 46938 | Shoals:2 | Reached skill level 12 in Evocations
 47386 | Shoals:3 | Noticed Mara
 47422 | Shoals:3 | Noticed EnegeticOcto's illusion
 47782 | Shoals:3 | Noticed EnegeticOcto's illusion
 47791 | Shoals:3 | Killed Mara
 48253 | Shoals:4 | Entered Level 4 of the Shoals
 48267 | Shoals:4 | Noticed Ilsuiw
 48664 | Shoals:4 | Reached skill level 16 in Fighting
 48664 | Shoals:4 | Killed Ilsuiw
 48668 | Shoals:4 | Reached skill level 13 in Invocations
 49280 | Shoals:4 | Reached skill level 12 in Armour
 50046 | Shoals:4 | Noticed Nikola
 50072 | Shoals:4 | Killed Nikola
 50179 | Shoals:4 | Killed from afar by a water nymph

Illustrated notes

Levels and vault maps discovered:
D:1:      dpeg_arrival_rhombus, layout_basic
D:2:      layout_loops_ring, st_stairs_11, kennysheep_generic_room_2
D:3:      layout_basic, gup_sewer_entry_glass
D:4:      layout_loops_ring, dancing_weapons_uskayaw,
          minmay_temple_entry_proselytizer, grunt_decor_one_mirror
D:5:      layout_basic, corexii_hall_statues_s
D:6:      lemuel_insect_pit, layout_loops_ring, lemuel_blue_sif_altar
D:7:      minmay_slanted_spiral_squares, layout_loops_cross,
          grunt_temple_overflow_growth_and_decay, kennysheep_mini_moat,
          nemelex_xobeh_ov_fountains_minmay, grunt_ministairs_11,
          hangedman_decor_lopped
D:8:      layout_basic, nicolae_overflow_hidden_temple,
          grunt_lair_entry_orc_guard_hut, uniq_maggie
D:9:      layout_basic, serial_shops, shop_fountains, serial_rivers,
          chequers_serial_rivers_room_a, chequers_serial_rivers_room_a,
          chequers_serial_rivers_micro_e, chequers_serial_rivers_micro_c
D:10:     layout_basic
D:11:     minmay_the_grid_square_5x5_5x5 [minmay_the_grid_square_5x5_shrine1,
          minmay_the_grid_square_5x5_inner_z,
          minmay_the_grid_square_5x5_shrine2, minmay_the_grid_square_5x5_plus,
          minmay_the_grid_square_5x5_eight_small,
          minmay_the_grid_square_5x5_meh,
          minmay_the_grid_square_5x5_prize_pseudospiral,
          minmay_the_grid_square_5x5_inset,
          minmay_the_grid_square_5x5_prize_waves,
          minmay_the_grid_square_5x5_moneybag,
          minmay_the_grid_square_5x5_two_small,
          minmay_the_grid_square_5x5_broken_cross,
          minmay_the_grid_square_5x5_prize_junk,
          minmay_the_grid_square_5x5_trominoes,
          minmay_the_grid_square_5x5_eight, minmay_the_grid_square_5x5_inner_i,
          minmay_the_grid_square_5x5_prize_open, minmay_the_grid_square_5x5_six,
          minmay_the_grid_square_5x5_prize_monsterx,
          minmay_the_grid_square_5x5_six_small,
          minmay_the_grid_square_5x5_inner_v,
          minmay_the_grid_square_5x5_checkered,
          minmay_the_grid_square_5x5_almost_minimal,
          minmay_the_grid_square_5x5_fat_x, minmay_the_grid_square_5x5_bridge],
          layout_loops_cross, orc_0_dummy
D:12:     layout_roguey, uniq_snorg
D:13:     layout_loops_ring, skrybe_vaults_entry_preservation, serial_shops,
          shop, hangedman_incinerator
D:14:     layout_long_grid, kennysheep_pointless_box, serial_shops, shop,
          shop_fountains, shop, shop, shop
D:15:     grunt_enter_depths_snipers, layout_rooms, minmay_misc_feat_room,
          gammafunk_ghost_fury_of_okawaru
Temple:   eino_narrow_crystal_temple
Lair:1:   layout_cellular_growth, chequers_serial_rivers_micro_d
Lair:2:   layout_cave_pods, serial_bayou_pond_e, patterned_corridor,
          grunt_megastairs_5, uniq_gastronok
Lair:3:   layout_gridlike, minmay_shoals_entry_centaurs, gauntlet_entry_generic,
          zaba_antful_of_joy
Lair:4:   layout_concentric_octagons, nicolae_spider_entry_tight_spaces,
          eino_small_chamber_without_monster, uniq_urug
Lair:5:   layout_regular_city, slime_dummy, nicolae_volcano_entry_batcave,
          minmay_holes, uniq_sonja, uniq_nessos, uniq_josephine
Lair:6:   due_jungle_book, layout_long_grid, special_room [special_room_bee],
          nicolae_quartered_pool_medium
Shoals:1: layout_shoals, nicolae_shoals_mertower
Shoals:2: layout_shoals, gammafunk_ghost_wrathful_warriors
Shoals:3: layout_shoals, uniq_mara
Shoals:4: shoals_end_hangedman, layout_shoals, shoals_ilsuiw_alternative,
          uniq_nikola
Spider:1: layout_spider_delve
Spider:2: layout_spider_delve, portal_ice_cave_entry_pillars_1, drop_trap
Spider:3: layout_spider_delve
Spider:4: johnstein_spider_rune_arachne_lair, uniq_arachne
Orc:1:    layout_caves, mines3_lemuel
Orc:2:    grunt_orc_tribal_feast, layout_caves, basic_altar

Skill      XL: |  1  2  3  4  5  6  7  8  9 10 11 12 13 14 15 16 17 18 |
---------------+-------------------------------------------------------+-----
Maces & Flails | 4 5 6 8 10 12 14 15 16 | 16.0
Fighting       | 5 6 7 9 10 11 12 14 15 16 | 16.3
Evocations     | 1 2 4 6 8 11 12 | 12.0
Invocations    | 2 4 6 9 10 11 13 | 13.4
Shields        | 2 3 4 6 9 |  9.0
Armour         | 2 4 6 8 10 11 12 | 12.2
Dodging        | 3 4 6 8 10 | 10.0
Stealth        | |  1.2

Action                   |  1- 3 |  4- 6 |  7- 9 | 10-12 | 13-15 | 16-18 || total
-------------------------+-------+-------+-------+-------+-------+-------++-------
Melee: Mace              |    85 |       |       |       |       |       ||    85
       Tailslap          |    13 |    31 |    47 |   129 |   290 |   310 ||   820
       Short sword       |    32 |   185 |    57 |       |       |       ||   274
       Flail             |       |     4 |   230 |   457 |       |       ||   691
       Morningstar       |       |       |       |   409 |  1368 |  1600 ||  3377
Throw: Dart              |     6 |    13 |    72 |    51 |     1 |     6 ||   149
Invok: Upheaval          |       |       |     6 |    19 |    12 |    19 ||    56
       Elemental Force   |       |       |       |       |     2 |     4 ||     6
       Disaster Area     |       |       |       |       |     2 |     4 ||     6
 Abil: Rolling Charge    |    35 |    34 |    35 |    42 |    67 |   156 ||   369
Evoke: Wand              |       |       |     8 |    22 |    16 |    40 ||    86
       Lightning rod     |       |       |       |       |     3 |     4 ||     7
       Phantom mirror    |       |       |       |       |       |     1 ||     1
  Use: Scroll            |     5 |     5 |     4 |    12 |    15 |    18 ||    59
       Potion            |       |     2 |       |     3 |     1 |     5 ||    11
 Stab: Paralysed         |       |       |    15 |     7 |     3 |     3 ||    28
       Petrified         |       |       |       |       |       |     5 ||     5
       Petrifying        |       |       |       |       |       |     1 ||     1
       Distracted        |       |       |       |       |       |     1 ||     1
Armor: Robe              |    66 |    28 |       |       |       |       ||    94
       Scale mail        |       |    43 |   110 |   197 |       |       ||   350
       Chain mail        |       |       |       |    34 |   266 |   593 ||   893
       Ring mail         |       |       |       |       |     4 |       ||     4
Dodge: Dodged            |    77 |    77 |   103 |   175 |   195 |   441 ||  1068
       Repelled          |       |       |       |       |     3 |    14 ||    17
Block: Other             |       |     1 |    18 |    14 |       |       ||    33
       Kite shield       |       |       |   111 |   606 |  1084 |  1858 ||  3659
       Reflection        |       |       |       |     2 |    37 |    64 ||   103

Table legend: (Time is in decaauts)
 A = Elapsed time spent in this place.
 B = Non-inter-level travel time spent in this place.
 C = Inter-level travel time spent in this place.
 D = Time resting spent in this place.
 E = Time spent auto-exploring this place.
 F = Levels seen in this place.
 G = Mean time per level.
                   A        B        C        D        E       F      G
               +--------+--------+--------+--------+--------+-----+--------+
         Total |  49699 |  47312 |   2387 |   6996 |  31632 |  36 | 1380.5 |
       Dungeon |  22217 |  21012 |   1205 |   2770 |  14625 |  15 | 1481.1 |
        Temple |    163 |    149 |     14 |      0 |    126 |   1 |  163.0 |
          Lair |  12061 |  11183 |    878 |   1877 |   7118 |   6 | 2010.2 |
        Shoals |   5039 |   4972 |     67 |    846 |   3217 |   4 | 1259.8 |
   Spider Nest |   5313 |   5129 |    184 |     13 |   4183 |   4 | 1328.2 |
  Orcish Mines |   1843 |   1806 |     37 |    465 |   1043 |   2 |  921.5 |
         Sewer |    333 |    333 |      0 |      2 |    236 |   1 |  333.0 |
      Ice Cave |   1677 |   1677 |      0 |    462 |    930 |   1 | 1677.0 |
       Volcano |    738 |    738 |      0 |    561 |      0 |   1 |  738.0 |
      Gauntlet |    310 |    310 |      0 |      0 |    151 |   1 |  310.0 |
               +--------+--------+--------+--------+--------+-----+--------+

Top non-repeatable levels by time:
     D:8: 3941 daAuts
  Lair:2: 3006 daAuts
     D:7: 2757 daAuts
  Lair:3: 2440 daAuts
Shoals:3: 2132 daAuts
    D:10: 2013 daAuts
  Lair:4: 1848 daAuts
    D:11: 1785 daAuts
Spider:4: 1687 daAuts
   IceCv: 1677 daAuts
  Lair:5: 1633 daAuts
Spider:2: 1607 daAuts
  Lair:6: 1592 daAuts
Spider:1: 1551 daAuts
  Lair:1: 1540 daAuts
